 Dungeon Crawl Stone Soup version 0.29-a0-473-gacb4ef3bc5 (webtiles) character file.

Game seed: 795190766179910742

22772 Bruhh the Fighter (level 13, -21/133 HPs)
             Began as an Ogre Earth Elementalist on May 22, 2022.
             Was an Elder of Vehumet.
             Demolished by Snorg (24 damage)
             ... on level 4 of the Lair of Beasts on May 23, 2022.
             The game lasted 00:31:21 (21998 turns).

Bruhh the Fighter (Ogre Earth Elementalist)        Turns: 21998, Time: 00:31:22

Health: -21/133    AC:  3    Str: 15    XL:     13   Next: 2%
Magic:  5/26       EV:  9    Int: 24    God:    Vehumet [****..]
Gold:   824        SH:  0    Dex:  9    Spells: 4/30 levels left

rFire   + . .      SeeInvis .   e - +0 dire flail (holy)
rCold   x . .      Faith    .   (shield currently unavailable)
rNeg    . . .      Spirit   .   b - +0 robe
rPois   +          Reflect  .   (helmet restricted)
rElec   .          Harm     .   (no cloak)
rCorr   +          Rampage  .   (gloves unavailable)
Will    +....                   (boots unavailable)
Stlth   +.........              j - amulet of the acrobat
HPRegen 0.32/turn               G - ring "Muitus" {Fire Drain rPois rCorr Int+4}
MPRegen 0.20/turn               (no ring)

@: forested, very slightly contaminated, very slow
A: large, unfitting armour, tough skin 1
a: Renounce Religion


You were on level 4 of the Lair of Beasts.
You worshipped Vehumet.
Vehumet was greatly pleased with you.
You visited 2 branches of the dungeon, and saw 14 of its levels.

You collected 824 gold pieces.

Inventory:

Hand Weapons
 c - a +0 hunting sling
 e - a +0 dire flail of holy wrath (weapon)
 f - a +0 club
 p - a +0 flail
Missiles
 w - 23 poisoned darts
 A - 45 stones
 I - 5 curare-tipped darts
 M - a throwing net
Armour
 b - a +0 robe (worn)
Jewellery
 j - an amulet of the acrobat (around neck)
 G - the ring "Muitus" (left hand) {Fire Drain rPois rCorr Int+4}
   (You found it on level 9 of the Dungeon)

   [ring of fire]

   It enhances your fire magic.
   Int:       It affects your intelligence (+4).
   rF:        It protects you from fire.
   rC:        It makes you vulnerable to cold.
   rPois:     It protects you from poison.
   rCorr:     It protects you from acid and corrosion.
   Drain:     It drains your maximum health when unequipped.
 L - an amulet of guardian spirit
 O - a ring of positive energy
Wands
 q - a wand of mindburst (5)
 u - a wand of flame (33)
 B - a wand of acid (5)
 H - a wand of paralysis (2)
 R - a wand of charming (5)
Scrolls
 a - 2 scrolls of enchant weapon
 g - 2 scrolls of fear
 l - 6 scrolls of teleportation
 n - 3 scrolls of amnesia
 o - 5 scrolls of noise
 s - 5 scrolls of brand weapon
 v - 4 scrolls of enchant armour
 y - a scroll of fog
 D - a scroll of magic mapping
 E - 2 scrolls of poison
 J - a scroll of acquirement {unknown}
 N - 3 scrolls of identify
 P - 3 scrolls of summoning {unknown}
 Q - a scroll of immolation {unknown}
 S - a scroll of vulnerability {unknown}
Potions
 h - 2 potions of invisibility {unknown}
 i - 3 potions of degeneration {unknown}
 k - 3 potions of heal wounds
 m - 3 potions of cancellation {unknown}
 r - a potion of haste {unknown}
 t - 2 potions of brilliance {unknown}
 x - a potion of lignification {unknown}
 z - a potion of resistance {unknown}
 C - 3 potions of might {unknown}
 F - a potion of attraction {unknown}
 K - a potion of ambrosia {unknown}


   Skills:
 - Level 10.0 Fighting
 - Level 1.7 Dodging
 - Level 1.4 Stealth
 - Level 9.1 Spellcasting
 - Level 8.0 Conjurations
 + Level 8.5 Summonings
 - Level 3.0 Translocations
 - Level 4.0 Transmutations
 - Level 5.0 Earth Magic
 - Level 7.0 Poison Magic
 - Level 7.0 Evocations


You had 4 spell levels left.
You knew the following spells:

 Your Spells              Type           Power      Damage    Failure   Level
a - Sandblast             Erth           68%        2d15      1%          1
b - Stone Arrow           Conj/Erth      84%        3d12      1%          3
c - Fulminant Prism       Conj/Hex       15%        3d11      3%          4
d - Poisonous Vapours     Pois/Air       54%        N/A       1%          2
e - Eringya's Noxious Bo  Tmut/Pois      18%        N/A       24%         6
f - Lee's Rapid Deconstr  Erth           17%        3d11*     5%          5
g - Summon Forest         Summ/Tloc      19%        N/A       16%         5

Your spell library contained the following spells:

 Spells                   Type           Power      Damage    Failure   Level
 Magic Dart               Conj           100%       1d8       1%          1
 Summon Small Mammal      Summ           100%       N/A       1%          1
 Passwall                 Tmut/Erth      26%        N/A       1%          2
 Searing Ray              Conj           98%        2d8       1%          2
 Call Canine Familiar     Summ           51%        N/A       1%          3
 Summon Guardian Golem    Hex/Summ       31%        N/A       3%          3
 Gell's Gravitas          Tloc           25%        N/A       4%          3
 Lesser Beckoning         Tloc           25%        N/A       4%          3
 Teleport Other           Tloc           25%        N/A       4%          3
 Petrify                  Tmut/Erth      32%        N/A       9%          4
 Portal Projectile        Hex/Tloc       36%        N/A       10%         3
 Tukima's Dance           Hex            10%        N/A       17%         3
 Blade Hands              Tmut           15%        N/A       30%         5
 Conjure Ball Lightning   Conj/Air       15%        3x3d6     38%         6
 Summon Hydra             Summ           25%        N/A       82%         7
 Discord                  Hex            5%         N/A       100%        8
 Disjunction              Tloc           12%        N/A       100%        8


Dungeon Overview and Level Annotations

Branches:
Dungeon (10/15)            Temple (0/1) D:5            Lair (4/6) D:9
 Shoals (0/4) Lair:2       Spider (0/4) Lair:2          Orc (0/2) D:9

Altars:
Ashenzari
Elyvilon
Fedhas
Hepliaklqana
Kikubaaqudgha
Vehumet
Xom
The Shining One

Shops:
D:5 ?

Annotations:
Lair:4 Snorg


Innate Abilities, Weirdness & Mutations

You are too large for most types of armour.
You have tough skin. (AC +1)


Message History

Your snaplasher vine is poisoned.
Your dryad festers in the toxic bog!
Your dryad looks as sick as possible!
Your noxious spew wanes.
A root smacks Snorg from below!
Snorg attacks as you move away! Snorg closely misses you.
Snorg completely misses you. Snorg closely misses you.
You enter the shallow water.
Moving in this stuff is going to be slow.
You kill your dryad!
Your dryad's corpse disappears in a puff of smoke!
The forest abruptly stops moving.
The vine falls limply to the ground.
Casting: Summon Forest (dangerous; 16% risk of failure)
Confirm with . or Enter, or press ? or * to list all spells.
Casting: Eringya's Noxious Bog (dangerous; 24% risk of failure)
Press: ? - help, Dir - look around, f - activate You miscast Eringya's Noxious Bog.
Nothing appears to happen.
Snorg bites you! Snorg claws you but does no damage. Snorg misses you.
Snorg bites you. Snorg claws you. Snorg claws you!
Unknown command.
Casting: Eringya's Noxious Bog (dangerous; 24% risk of failure)
Confirm with . or Enter, or press ? or * to list all spells.
You don't have enough magic to cast this spell.
Unknown command.
Unknown command.
Okay, then.
You feel much better. Snorg bites you! Snorg barely misses you.
Snorg claws you!
* * * LOW HITPOINT WARNING * * *
Okay, then.
Okay, then.
Aiming: Paralyse
Press: ? - help, Shift-Dir - straight line, f - Snorg
Aim: Snorg (heavily wounded, berserk, extremely poisoned, chance to affect: 31%) Snorg easily resists.
Snorg bites you!
* * * LOW HITPOINT WARNING * * *
Snorg claws you!!
* * * LOW HITPOINT WARNING * * *
Snorg barely misses you. Snorg bites you!!
You die...

.....P....................
##..#.P...................
###.##..≈................ #....##
.#. #.♣≈≈..#.####......P #.....#
... #.♣≈≈♣#.######.....#
#.....##.. #≈.≈≈.###..###.....P
#......... #≈≈≈≈#.#....##....PP
.....#.# #♣≈≈≈..♣...........P#
#.....#######..≈@≈≈♣.....##....##
#....#.##.P.##.≈T.######.##....#.
................≈≈# ####......
..................#######.#......
................§................
................................†
#..............§§................
#..................♣..........†..
##....P####P#.♣....♣##...#....†.#


You could see Snorg (berserk, extremely poisoned).

Vanquished Creatures
  Rupert (Lair:4)
  2 hydras
  An ugly thing (D:10)
  A black mamba (Lair:4)
  Joseph (D:8)
  6 cane toads
  12 komodo dragons
  3 rime drakes
  2 trolls (D:10)
  3 hornets
  11 blink frogs
  Prince Ribbit (D:7)
  Sigmund (D:6)
  2 vampires
  A shadow (D:10)
  16 yaks
  2 wyverns (D:10)
  2 basilisks (Lair:2)
  2 steam dragons
  3 vampire mosquitoes (D:10)
  Edmund (D:4)
  2 acid dragons
  6 water moccasins
  2 orc warriors (D:10)
  2 sky beasts (D:7)
  A black bear (Lair:3)
  An ice beast (D:5)
  2 ogres
  3 wolves (Lair:3)
  9 centaurs
  3 phantoms
  A kobold brigand (D:9)
  A necrophage (D:5)
  12 bullfrogs
  A gnoll sergeant (D:6)
  7 scorpions
  7 wights
  19 killer bees
  9 howler monkeys
  4 hounds
  A jelly (D:6)
  Jessica (D:3)
  An iguana (D:5)
  4 orc wizards
  8 gnolls
  11 adders
  A shadow imp (D:5)
  4 ufetubi (D:5)
  4 worms
  2 dart slugs
  14 orcs
  6 endoplasms
  3 giant cockroaches
  7 goblins
  6 hobgoblins
  3 jackals (D:1)
  4 quokkas
  5 ball pythons
  4 bats
  9 frilled lizards
  11 kobolds
  A rat (D:3)
276 creatures vanquished.

Vanquished Creatures (others)
  An orc (D:3)
  A quokka (D:3)
  9 fulminant prisms
  18 fungi
  19 plants
48 creatures vanquished.

Grand Total: 324 creatures vanquished

Notes
Turn   | Place    | Note
-------+----------+-------------------------------------------
     0 | D:1      | Bruhh the Ogre Earth Elementalist began the quest for the
                  | Orb.
     0 | D:1      | Reached XP level 1. HP: 16/16 MP: 3/3
    40 | D:1      | Found a faded altar of an unknown god.
   706 | D:1      | Reached XP level 2. HP: 12/24 MP: 3/5
  1449 | D:2      | Reached XP level 3. HP: 25/31 MP: 4/7
  1755 | D:2      | Reached XP level 4. HP: 39/39 MP: 4/9
  2173 | D:2      | Found a radiant altar of Vehumet.
  2374 | D:2      | Became a worshipper of Vehumet
  2473 | D:2      | Learned a level 3 spell: Stone Arrow
  2737 | D:3      | Reached skill level 1 in Conjurations
  2737 | D:3      | Reached XP level 5. HP: 45/45 MP: 2/11
  3121 | D:3      | Found a white marble altar of Elyvilon.
  3335 | D:3      | Noticed Jessica
  3338 | D:3      | Killed Jessica
  3522 | D:3      | Reached * piety under Vehumet
  3522 | D:3      | Offered knowledge of Shock by Vehumet.
  4024 | D:4      | Noticed Edmund
  4068 | D:4      | Killed Edmund
  4069 | D:4      | Reached XP level 6. HP: 53/53 MP: 6/12
  4179 | D:4      | Found a broken altar of Ashenzari.
  4218 | D:4      | Reached skill level 5 in Earth Magic
  4517 | D:5      | Entered Level 5 of the Dungeon
  4541 | D:5      | Reached XP level 7. HP: 59/59 MP: 11/13
  4787 | D:5      | Reached skill level 5 in Conjurations
  4801 | D:5      | Found a staircase to the Ecumenical Temple.
  4814 | D:5      | Found Qikonk's Magic Scroll Boutique.
  5005 | D:5      | Reached skill level 5 in Spellcasting
  5286 | D:5      | Reached XP level 8. HP: 68/68 MP: 9/17
  5356 | D:5      | Reached skill level 1 in Fighting
  5542 | D:5      | Reached skill level 2 in Fighting
  5618 | D:5      | Reached skill level 4 in Fighting
  5964 | D:6      | Reached skill level 5 in Fighting
  6244 | D:6      | Reached skill level 6 in Fighting
  6429 | D:6      | Reached skill level 7 in Fighting
  6632 | D:6      | Reached skill level 8 in Fighting
  6696 | D:6      | Found a blossoming altar of Fedhas.
  6731 | D:6      | Noticed Sigmund
  6738 | D:6      | Killed Sigmund
  6739 | D:6      | Reached XP level 9. HP: 67/97 MP: 3/18
  6920 | D:6      | Reached skill level 9 in Fighting
  7503 | D:7      | Noticed Prince Ribbit
  7509 | D:7      | Killed Prince Ribbit
  7509 | D:7      | Reached ** piety under Vehumet
  7509 | D:7      | Offered knowledge of Foxfire by Vehumet.
  7510 | D:7      | Reached skill level 10 in Fighting
  7596 | D:7      | Reached skill level 1 in Evocations
  7808 | D:7      | Found a shimmering altar of Xom.
  8091 | D:8      | Noticed Joseph
  8848 | D:8      | Killed Joseph
  9366 | D:8      | Reached skill level 5 in Evocations
 10105 | D:8      | Reached XP level 10. HP: 107/110 MP: 16/19
 11716 | D:9      | Offered knowledge of Poisonous Vapours by Vehumet.
 12286 | D:9      | Found a staircase to the Orcish Mines.
 12372 | D:9      | Reached *** piety under Vehumet
 12610 | D:9      | Found an ancient bone altar of Kikubaaqudgha.
 12633 | D:9      | Identified the ring "Muitus" {Fire Drain rPois rCorr Int+4}
 12797 | D:9      | Found a staircase to the Lair.
 12969 | D:9      | Learned a level 4 spell: Fulminant Prism
 12976 | D:10     | Entered Level 10 of the Dungeon
 12980 | D:10     | Learned a level 2 spell: Poisonous Vapours
 13019 | D:10     | Paralysed by a hornet for 1 turns
 13486 | D:10     | Found a glowing golden altar of the Shining One.
 13486 | D:10     | Found a hazy altar of Hepliaklqana.
 14464 | D:10     | Reached XP level 11. HP: 115/117 MP: 18/22
 14511 | D:10     | Noticed a brown ugly thing
 14519 | D:10     | Killed a brown ugly thing
 14519 | D:10     | Offered knowledge of Dazzling Flash by Vehumet.
 15259 | D:10     | Reached skill level 1 in Poison Magic
 15670 | Lair:1   | Entered Level 1 of the Lair of Beasts
 15674 | Lair:1   | You fall into a shaft and drop 1 floor!
 16178 | Lair:1   | Found a gate leading to a gauntlet.
 16637 | Lair:1   | Reached skill level 5 in Poison Magic
 17361 | Lair:2   | Reached skill level 1 in Transmutations
 17824 | Lair:2   | Found a staircase to the Shoals.
 18182 | Lair:2   | Found a hole to the Spider Nest.
 18378 | Lair:2   | Reached **** piety under Vehumet
 18379 | Lair:2   | Reached XP level 12. HP: 126/126 MP: 12/25
 18667 | Lair:2   | Learned a level 6 spell: Eringya's Noxious Bog
 18907 | Lair:3   | Noticed a seven-headed hydra
 18914 | Lair:3   | Killed a seven-headed hydra
 19176 | Lair:3   | Reached skill level 1 in Summonings
 19205 | Lair:3   | Reached skill level 1 in Translocations
 19710 | Lair:3   | Offered knowledge of Lee's Rapid Deconstruction by Vehumet.
 19739 | Lair:2   | Learned a level 5 spell: Lee's Rapid Deconstruction
 20628 | Lair:3   | Reached skill level 5 in Summonings
 20965 | Lair:3   | Learned a level 5 spell: Summon Forest
 20996 | Lair:4   | Noticed an eight-headed hydra
 21002 | Lair:4   | Killed an eight-headed hydra
 21542 | Lair:4   | Noticed Rupert
 21563 | Lair:4   | Killed Rupert
 21850 | Lair:4   | Reached XP level 13. HP: 100/133 MP: 23/26
 21977 | Lair:4   | Noticed Snorg
 21998 | Lair:4   | HP: 3/133 [Snorg (19)]
 21998 | Lair:4   | Demolished by Snorg

Illustrated notes

Levels and vault maps discovered:
D:1:      matt_arrival_diagonals, layout_basic,
          shapermc_ecumenical_altar_starsandcircs
D:2:      layout_loops_cross, basic_altar
D:3:      layout_loops_cross, elyvilon_altar_4, kennysheep_jessica_study
D:4:      layout_rooms, grunt_ashenzari_visionary
          [grunt_ashenzari_visionary_shoals, grunt_ashenzari_visionary_spider],
          minmay_misc_feat_more_columns, minmay_misc_feat_plants, uniq_edmund
D:5:      minmay_general_purpose_star, layout_cave_pools,
          minmay_temple_entry_drinking_statues, serial_shops, shop,
          due_unseen_surprise
D:6:      layout_cave_pools, nicolae_overflow_hidden_temple, minmay_misc_feat_x,
          minmay_door_square, uniq_sigmund
D:7:      layout_gridville, kennysheep_little_box,
          chequers_serial_rivers_micro_d, uniq_prince_ribbit1
D:8:      layout_gridville, minmay_sticks_and_stones
D:9:      layout_basic, amcnicky_altar_gilded, lair_entry_dummy
D:10:     cheibrodos_barr_body, layout_loops_ring,
          gammafunk_temple_overflow_pools, eino_tiny_chamber,
          columned_hall_lemuel
Lair:1:   layout_hall_layers, gauntlet_entry_generic, grunt_megastairs_1
Lair:2:   layout_cave_pods, minmay_shoals_entry_centaurs,
          nicolae_spider_entry_non_spiders, grunt_megastairs_3
Lair:3:   layout_regular_city, beast_lair_carwin_7, grunt_megastairs_4
Lair:4:   layout_regular_city, infiniplex_staircase_pool, serial_bayou_shore_b,
          grunt_megastairs_2, uniq_rupert, uniq_snorg

Skill      XL: |  1  2  3  4  5  6  7  8  9 10 11 12 |
---------------+-------------------------------------+-----
Earth Magic    | 3 4 5 |  5.0
Spellcasting   | 3 4 6 7 9 |  9.1
Conjurations   | 1 2 3 5 8 |  8.0
Fighting       | 8 10 | 10.0
Evocations     | 5 7 |  7.0
Poison Magic   | 6 7 |  7.0
Transmutations | 3 4 |  4.0
Summonings     | 8 |  8.5
Translocations | 3 |  3.0
Dodging        | |  1.7
Stealth        | |  1.4

Action                   |  1- 3 |  4- 6 |  7- 9 | 10-12 | 13-15 || total
-------------------------+-------+-------+-------+-------+-------++-------
Melee: Club              |    34 |    22 |       |       |       ||    56
       Unarmed           |     3 |       |       |       |       ||     3
       Punch             |     1 |       |       |       |       ||     1
       Flail             |       |    24 |       |       |       ||    24
       Dire flail        |       |    11 |    18 |    25 |     2 ||    56
 Fire: Hunting sling     |       |       |    13 |     1 |       ||    14
 Cast: Sandblast         |    23 |    73 |    46 |   132 |       ||   274
       Stone Arrow       |       |       |    88 |   180 |       ||   268
       Poisonous Vapours |       |       |       |    11 |       ||    11
       Fulminant Prism   |       |       |       |     9 |       ||     9
       Eringya's Noxious |       |       |       |    15 |     1 ||    16
       Lee's Rapid Decon |       |       |       |     2 |       ||     2
       Summon Forest     |       |       |       |     1 |     1 ||     2
Evoke: Wand              |       |       |       |     2 |     1 ||     3
  Use: Scroll            |       |     7 |     2 |     9 |     1 ||    19
       Potion            |       |       |     3 |     5 |     1 ||     9
 Stab: Sleeping          |       |     1 |       |       |       ||     1
Armor: Robe              |    17 |    30 |    19 |    29 |     1 ||    96
Dodge: Dodged            |    29 |    43 |    55 |   115 |    11 ||   253

Table legend: (Time is in decaauts)
 A = Elapsed time spent in this place.
 B = Non-inter-level travel time spent in this place.
 C = Inter-level travel time spent in this place.
 D = Time resting spent in this place.
 E = Time spent auto-exploring this place.
 F = Levels seen in this place.
 G = Mean time per level.
                   A        B        C        D        E       F      G
               +--------+--------+--------+--------+--------+-----+--------+
         Total |  22092 |  21657 |    435 |   4725 |  13792 |  14 | 1578.0 |
       Dungeon |  15733 |  15319 |    414 |   3645 |   9383 |  10 | 1573.3 |
          Lair |   6358 |   6337 |     21 |   1080 |   4409 |   4 | 1589.5 |
               +--------+--------+--------+--------+--------+-----+--------+

Top non-repeatable levels by time:
     D:8: 2861 daAuts
  Lair:2: 2375 daAuts
    D:10: 2188 daAuts
     D:1: 1732 daAuts
     D:7: 1717 daAuts
     D:5: 1692 daAuts
     D:9: 1619 daAuts
  Lair:3: 1583 daAuts
  Lair:1: 1354 daAuts
     D:2: 1225 daAuts
     D:6: 1106 daAuts
  Lair:4: 1044 daAuts
     D:3: 878 daAuts
     D:4: 711 daAuts
